AoeStats
← Sir Corsario II

Arena

510141353Analyzed
4v4 RM · 2d ago on Sep 29, 2026· 74m 46s· 8 players
Game mode
Random Map
Map size
Large (8 player)
Population
200
Speed
Normal
Resources
Standard
Victory
Conquest
Starting age
Dark Age
Ending age
Imperial Age
RankedLock teamsTeams togetherTeam positionsShared explorationLock speedFull tech treeHidden civsTurbo modeCheats
Victory
Defeat
🇲🇽 Vietnamese · Mexico
759
+12
🇺🇸 Varangians · United States
738
+13
🇷🇴 Franks · Romania
733
+13
🇨🇴 Byzantines · Colombia
685
+15
🇫🇷 Vietnamese · France
845
-20
🇺🇦 Hindustanis · Ukraine
706
-15
🇩🇪 Slavs · Germany
585
-10
🇬🇧 Magyars · United Kingdom
526
-8
alexdoctorofsoul
12:35 Feudal Age
13:38 Double-Bit Axe
24:54 Castle Age
24:44 Gold Mining
24:44 Stone Mining
25:38 Wheelbarrow
26:22 Bow Saw
26:52 Gold Shaft Mining
26:21 Caravan
27:52 Hand Cart
29:41 Fortified Wall
37:18 Imperial Age
37:32 Cavalier
39:17 Chemistry
39:19 Chivalry
39:21 Elite Throwing Axeman
43:16 Paladin
43:59 Guard Tower
KRATOS25085670
16:34 Feudal Age
17:00 Double-Bit Axe
17:52 Wheelbarrow
17:01 Horse Collar
20:19 Castle Age
19:08 Loom
22:30 Bow Saw
22:23 Heavy Plow
22:41 Hand Cart
30:10 Pikeman
30:55 Scale Mail Armor
31:28 Town Watch
32:53 Gold Mining
36:38 Imperial Age
35:31 Treadmill Crane
36:51 Stone Mining
37:17 Fortified Wall
37:35 Chain Mail Armor
37:08 Halberdier
37:54 Squires
38:47 Plate Mail Armor
41:49 Forging
45:28 Chemistry
44:48 Ballistics
44:45 Elite Skirmisher
45:25 Fletching
46:15 Bodkin Arrow
46:43 Caravan
46:23 Imperial Skirmisher
47:07 Bracer
47:08 Padded Archer Armor
46:43 Elite Jarl
48:43 Leather Archer Armor
51:08 Elite Varangian Guard
58:18 Siege Engineers
59:49 Heavy Scorpion
61:42 Two-Man Saw
61:19 Crop Rotation
juanbleis3214
0:40 Loom
11:19 Feudal Age
12:17 Double-Bit Axe
19:54 Castle Age
27:52 Horse Collar
28:08 Gold Mining
28:12 Stone Mining
31:38 Heavy Plow
31:51 Bow Saw
32:32 Gold Shaft Mining
33:19 Forging
33:16 Scale Barding Armor
36:00 Imperial Age
34:15 Wheelbarrow
35:28 Iron Casting
35:15 Chain Barding Armor
35:24 Hand Cart
36:51 Caravan
39:05 Two-Man Saw
37:49 Elite Cataphract
39:40 Plate Barding Armor
41:13 Logistica
63:09 Pikeman
64:43 Scale Mail Armor
65:42 Squires
65:32 Arson
68:00 Halberdier
Sir Corsario II
2:36 Loom
13:21 Feudal Age
19:35 Castle Age
17:45 Man-at-Arms
18:29 Double-Bit Axe
18:53 Horse Collar
19:21 Scale Mail Armor
20:42 Squires
22:49 Padded Archer Armor
24:40 Forging
31:02 Leather Archer Armor
30:38 Fletching
30:54 Scale Barding Armor
31:07 Chain Mail Armor
33:03 Long Swordsman
33:30 Arson
38:50 Wheelbarrow
38:56 Iron Casting
38:19 Bodkin Arrow
42:22 Imperial Age
40:43 Hand Cart
41:59 Heavy Plow
42:11 Bow Saw
42:09 Town Watch
41:50 Pikeman
43:12 Capped Ram
43:24 Two-Handed Swordsman
46:31 Elite Rattan Archer
51:50 Champion
53:05 Plate Mail Armor
53:07 Ring Archer Armor
52:37 Bracer
57:35 Two-Man Saw
56:43 Caravan
57:07 Ballistics
61:51 Chemistry
60:42 Guard Tower
Ziggyman321
11:31 Feudal Age
15:16 Castle Age
13:46 Horse Collar
14:17 Double-Bit Axe
16:11 Loom
25:11 Wheelbarrow
26:15 Heavy Plow
26:30 Bow Saw
26:40 Hand Cart
29:21 Caravan
35:48 Imperial Age
33:26 Scale Mail Armor
33:32 Scale Barding Armor
33:17 Fletching
33:29 Padded Archer Armor
33:03 Pikeman
33:47 Corvinian Army
36:16 Elite Magyar Huszar
37:21 Conscription
37:51 Treadmill Crane
38:22 Masonry
39:56 Chemistry
39:17 Ballistics
38:58 Bodkin Arrow
41:35 Crop Rotation
48:14 Chain Barding Armor
50:34 Recurve Bow
51:45 Plate Barding Armor
53:36 Bracer
53:52 Leather Archer Armor
Ottoman5734
4:10 Loom
12:24 Feudal Age
17:58 Double-Bit Axe
19:01 Horse Collar
20:05 Man-at-Arms
26:02 Castle Age
24:35 Fletching
24:45 Padded Archer Armor
27:52 Wheelbarrow
28:29 Gold Mining
28:31 Stone Mining
Léodagan
1:10 Loom
13:06 Feudal Age
16:35 Castle Age
16:11 Fletching
18:57 Double-Bit Axe
19:57 Horse Collar
23:06 Bow Saw
24:38 Wheelbarrow
24:25 Heavy Plow
24:17 Crossbowman
25:44 Bodkin Arrow
26:41 Gold Mining
29:00 Stone Mining
30:35 Ballistics
31:33 Hand Cart
32:33 Fortified Wall
37:30 Imperial Age
35:17 Padded Archer Armor
35:19 Scale Mail Armor
36:30 Leather Archer Armor
36:26 Forging
35:39 Pikeman
36:20 Squires
36:05 Arson
36:44 Thumb Ring
36:00 Elite Skirmisher
36:25 Treadmill Crane
36:41 Murder Holes
36:57 Masonry
37:06 Chain Mail Armor
38:24 Bracer
39:00 Iron Casting
38:58 Ring Archer Armor
38:33 Scale Barding Armor
40:03 Chemistry
39:55 Paper Money
41:22 Two-Man Saw
41:13 Plate Mail Armor
40:08 Halberdier
40:22 Light Cavalry
41:13 Bloodlines
41:04 Husbandry
41:17 Elite Fire Lancer
41:27 Arbalester
42:30 Elite Rattan Archer
43:48 Hoardings
43:51 Chain Barding Armor
44:49 Cavalier
46:12 Plate Barding Armor
45:50 Imperial Skirmisher
60:27 Crop Rotation
He
0:32 Loom
5:07 Loom
11:59 Feudal Age
12:31 Double-Bit Axe
21:24 Castle Age
19:14 Horse Collar
19:30 Stone Mining
19:52 Gold Mining
30:48 Imperial Age
28:57 Wheelbarrow
28:47 Forging
28:43 Scale Barding Armor
28:42 Husbandry
28:54 Bloodlines
28:54 Town Watch
30:40 Iron Casting
30:26 Hand Cart
31:00 Murder Holes
31:16 Fortified Wall
31:48 Chain Barding Armor
31:53 Caravan
32:47 Bow Saw
34:13 Plate Barding Armor
34:38 Blast Furnace
35:07 Heavy Camel Rider
36:41 Conscription
38:26 Gold Shaft Mining
38:26 Stone Shaft Mining
37:34 Imperial Camel Rider
38:54 Fletching
45:34 Bodkin Arrow
45:41 Scale Mail Armor
45:05 Elite Ghulam
45:50 Grand Trunk Road
49:35 Chain Mail Armor
49:20 Bracer
67:59 Squires
Connection lost

Rejoining the realm…

Still unreachable

The connection could not be restored.

Session expired

The server has moved on; the page needs a fresh start.